 Dungeon Crawl Stone Soup version 0.26-a0-846-gcc8f1ee719 (webtiles) character file.

Game seed: 2467622691130673051

22904 jasper the Basher (level 12, -7/108 HPs)
             Began as a Palentonga Delver on Nov 19, 2020.
             Was a High Priest of Yredelemnul.
             Killed from afar by an ogre mage (30 damage)
             ... with a bolt of fire
             ... on level 2 of the Orcish Mines.
             The game lasted 00:31:28 (18089 turns).

jasper the Basher (Palentonga Delver)              Turns: 18089, Time: 00:31:29

Health: -7/108     AC: 25    Str: 27    XL:     12   Next: 67%
Magic:  4/20       EV:  6    Int: 10    God:    Yredelemnul [*****.]
Gold:   1091       SH: 11    Dex: 12    Spells: 11/11 levels left

rFire    . . .     SeeInvis +   U - +2 morningstar (venom)
rCold    . . .     Faith    +   D - +0 kite shield
rNeg     . . .     Spirit   .   M - +4 chain mail
rPois    .         Reflect  .   h - +2 helmet
rElec    .         Harm     .   O - +0 cloak
rCorr    .         Rampage  .   k - +0 pair of gloves
MR       .....                  (no barding)
Stlth    ..........             J - amulet of faith
HPRegen  0.28/turn              S - ring of stealth
MPRegen  0.17/turn              I - +6 ring of strength

@: curled up
A: large, rugged brown scales 3, see invisible, deformed body, roll 1, armoured
tail, reflexive curl
a: Rolling Charge, Recall Undead Slaves, Injury Mirror, Animate Dead, Drain
Life, Enslave Soul, Renounce Religion


You were on level 2 of the Orcish Mines.
You worshipped Yredelemnul.
Yredelemnul was extremely pleased with you.
You visited 3 branches of the dungeon, and saw 15 of its levels.

You collected 1285 gold pieces.
You spent 194 gold pieces at shops.

Inventory:

Hand Weapons
 a - a +0 mace
 f - a +0 morningstar
 v - a +0 flail
 U - a +2 morningstar of venom (weapon)
Missiles
 m - 271 stones (quivered)
 E - 4 throwing nets
Armour
 b - a +0 leather armour
 h - a +2 helmet (worn)
 k - a +0 pair of gloves (worn)
 q - a +0 ring mail
 t - a +1 hat of intelligence
 z - a +0 scale mail
 D - a +0 kite shield (worn)
 H - a +0 plate armour
 M - a +4 chain mail (worn)
 O - a +0 cloak (worn)
Jewellery
 i - a +6 ring of dexterity
 j - an uncursed ring of flight
 I - a +6 ring of strength (right hand)
 J - an amulet of faith (around neck)
 S - a ring of stealth (left hand)
 Y - an uncursed amulet of guardian spirit {unknown}
Wands
 g - a wand of digging (1)
 C - a wand of polymorph (16)
 L - a wand of random effects (4)
Scrolls
 c - 3 scrolls of fog
 d - 2 scrolls of magic mapping
 e - 3 scrolls of fear
 o - 4 scrolls of enchant armour
 p - 5 scrolls of amnesia
 s - 4 scrolls of enchant weapon
 w - 4 scrolls of teleportation
 y - a scroll of blinking
 A - a scroll of noise
 B - a scroll of random uselessness
 F - 2 scrolls of identify
 G - 3 scrolls of immolation
 N - a scroll of silence {unknown}
 P - 2 scrolls of remove curse
Potions
 l - 3 potions of flight
 r - 4 potions of ambrosia
 u - a potion of cancellation
 x - 6 potions of curing
 K - a potion of degeneration {unknown}
 Q - a potion of brilliance {unknown}
 R - 4 potions of haste
 T - 2 potions of mutation {unknown}
 V - a potion of might {unknown}
 W - a potion of lignification {unknown}
 X - 2 potions of magic {unknown}


   Skills:
 - Level 7.6 Fighting
 + Level 14.2 Maces & Flails
 - Level 5.6 Armour
 - Level 1.5 Dodging
 - Level 3.3 Stealth
 - Level 5.7 Shields
 - Level 11.1 Invocations


You had 11 spell levels left.
You didn't know any spells.
Your spell library contained the following spells:

 Spells                   Type           Power        Failure   Level
 Magic Dart               Conj           #...         99%         1
 Searing Ray              Conj           #.....       99%         2
 Confusing Touch          Hex            #.......     100%        3
 Dazzling Flash           Conj/Hex       #.....       100%        3
 Gell's Gravitas          Tloc           #.........   100%        3
 Fulminant Prism          Conj/Hex       #.........   100%        4
 Iskenderun's Mystic Bla  Conj/Tloc      #.......     100%        4
 Petrify                  Tmut/Erth      #.......     100%        4
 Metabolic Englaciation   Hex/Ice        #.........   100%        5
 Yara's Violent Unravell  Hex/Tmut       #.........   100%        5


Dungeon Overview and Level Annotations

Branches:
Dungeon (12/15)            Temple (1/1) D:4            Lair (0/6) D:8
    Orc (2/2) D:9
    Elf: Orc:2

Altars:
Ashenzari
Cheibriados
Dithmenos
Elyvilon
Fedhas
Gozag
Kikubaaqudgha
Okawaru
Qazlal
Trog
Vehumet
Yredelemnul
Beogh

Shops:
D:4 ?   D:5 ?   D:12 *

Annotations:
D:10 exclusion: oklob plant
D:11 1 runed translucent door, Meejax's ghost, journeyman FoFi
D:12 3 runed translucent doors, exclusion: obsidian statue, DocClef's ghost, novice GnDe


Innate Abilities, Weirdness & Mutations

You are completely covered in rugged brown scales. (AC +3, +7% HP)
You have supernaturally acute eyesight. (SInv)
Armour fits poorly on your strangely shaped body.
You can roll at nearby foes to attack.
You have a long armoured tail.
You curl defensively after being hit.


Message History

You feel much better.
The ogre hits you with a cursed -2 giant club!
* * * LOW HITPOINT WARNING * * *
The ogre mage hits you but does no damage.
The ogre mage gestures at the ogre mage while chanting.
The ogre mage seems to speed up.
The two-headed ogre hits you with a +0 giant club.
* * * LOW HITPOINT WARNING * * *
The two-headed ogre hits you with a +0 giant spiked club.
* * * LOW HITPOINT WARNING * * *
You block the ogre mage's attack.
You regained 17 hp, and now have 21/108 hp.
Unknown command.
Press: ? - help, Dir - move target cursor
As you read the scroll of blinking, it crumbles to dust.
There is a stone staircase leading up here.
The ogre mage points at you and mumbles some strange words.
The bolt of fire hits you!!
You die...
Your body rises from the dead as a mindless zombie.

#...........#.#.OO.OOOO
#.....#......OO.##.O).)
##........O.#....#..)))
#...#.....#####.#......
.#....#....# ######..#..
.................O..###.##
#.....
.....................#...#
##.#..
............^.........#Z##
#####
.#......##......@#...#..##
.........##..##.##.......#
........###. ....#...#..##
.).......##..##.#.#.#####
.[<).........#...Z.##
.............#....Z##
))................Z.#
................##Z##
................#ZZZ##


You could see an ogre mage (fast) and an ogre (fast).

Vanquished Creatures
  Gastronok (D:11)
  A rakshasa (D:12)
  A centaur warrior (D:10)
  8 two-headed ogres
  Urug (D:10)
  An orc sorcerer (Orc:2)
  2 ugly things (D:12)
  2 cyclopes (D:12)
  A centaur zombie (D:10)
  A komodo dragon (D:11)
  2 trolls
  A meliai zombie (D:12)
  A shadow (D:12)
  A wyvern (D:9)
  A vampire (D:11)
  2 yaks (D:10)
  3 vampire mosquitoes (D:9)
  A warg (Orc:2)
  3 ice beasts
  11 orc warriors
  A phantom (D:11)
  14 ogres
  3 wolves
  2 centaurs
  10 bullfrogs
  6 gnoll sergeants
  3 scorpions
  12 wights
  8 howler monkeys
  A bullfrog zombie (D:5)
  6 hounds
  A bullfrog skeleton (D:5)
  4 jellies
  12 orc priests
  8 gnoll shamans
  3 iguanas
  6 orc wizards
  Natasha (twice) (D:4)
  4 worker ants
  A hound skeleton (D:4)
  A worker ant zombie (D:10)
  2 howler monkey skeletons
  44 gnolls
  7 adders
  6 white imps
  An ufetubus (D:7)
  An ooze (D:1)
  An adder zombie (D:5)
  2 adder skeletons
  2 worms (D:2)
  2 dart slugs
  3 leopard geckos
  42 orcs
  2 ball pythons
  A bat zombie (D:8)
  6 giant cockroaches
  8 goblins
  7 hobgoblins
  21 jackals
  3 quokkas
  5 bats
  4 frilled lizards
  10 kobolds
  A leopard gecko skeleton (D:9)
  A leopard gecko zombie (D:6)
  A quokka skeleton (D:4)
  8 rats
  A rat zombie (D:8)
  A spectral orc (D:3)
346 creatures vanquished.

Vanquished Creatures (collateral kills)
  An orc warlord (Orc:1)
  Erolcha (D:10)
  A boulder beetle (D:11)
  A two-headed ogre (Orc:2)
  Psyche (D:11)
  Prince Ribbit (D:4)
  The ghost of Bitman the Schismatic, an amateur DsAK of Lugonu (D:6)
  3 yaks (D:10)
  A warg (Orc:1)
  An ogre (Orc:2)
  A phantom (D:11)
  7 orc warriors
  A centaur (D:8)
  A wolf (D:6)
  2 bullfrogs
  A gnoll sergeant (D:5)
  2 wights (D:6)
  A quasit (D:10)
  4 hounds
  5 orc priests
  5 orc wizards
  A bullfrog skeleton (D:9)
  2 worker ants
  2 adders
  10 gnolls
  22 orcs
  An orc zombie (Orc:1)
80 creatures vanquished.

Vanquished Creatures (others)
  A flayed ghost (Orc:2)
  A phantasmal warrior (Orc:2)
  2 flying skulls (Orc:1)
  An ugly thing zombie (D:12)
  A two-headed ogre zombie (Orc:2)
  2 bullfrog zombies
  A warg zombie (Orc:2)
  A troll zombie (D:9)
  2 adder zombies
  A felid zombie (D:4)
  A frilled lizard zombie (D:3)
  15 gnoll zombies
  A hound zombie (D:9)
  A howler monkey zombie (D:12)
  3 jackal zombies (D:3)
  3 ogre zombies (Orc:2)
  15 orc zombies
  10 fungi (D:10)
  25 plants
87 creatures vanquished.

Grand Total: 513 creatures vanquished

Notes
Turn   | Place    | Note
-------+----------+-------------------------------------------
     0 | D:5      | jasper the Palentonga Delver began the quest for the Orb.
     0 | D:5      | Reached XP level 1. HP: 20/20 MP: 1/1
     1 | D:6      | Noticed a hound
     1 | D:6      | Noticed an orc wizard
     1 | D:6      | Noticed an orc wizard
    77 | D:4      | Reached skill level 3 in Maces & Flails
    77 | D:4      | Reached XP level 2. HP: 26/27 MP: 2/2
    94 | D:3      | Reached XP level 3. HP: 21/33 MP: 3/3
   397 | D:3      | Found a basalt altar of Yredelemnul.
   401 | D:3      | Became a worshipper of Yredelemnul the Dark
   481 | D:2      | Reached skill level 4 in Maces & Flails
   799 | D:2      | Reached XP level 4. HP: 26/40 MP: 4/4
  1014 | D:2      | Reached * piety under Yredelemnul
  1104 | D:1      | Reached skill level 1 in Invocations
  2070 | D:2      | Reached XP level 5. HP: 16/48 MP: 5/7
  2523 | D:3      | Reached ** piety under Yredelemnul
  2910 | D:3      | Reached skill level 5 in Maces & Flails
  3283 | D:3      | Reached XP level 6. HP: 54/54 MP: 8/8
  3816 | D:4      | Reached skill level 6 in Maces & Flails
  3893 | D:4      | Found a staircase to the Ecumenical Temple.
  3914 | D:4      | Noticed Natasha
  3920 | D:4      | Killed Natasha
  3965 | D:4      | Found Jauwyho's Magic Scroll Shop.
  3975 | D:4      | Bought a scroll of blinking for 105 gold pieces
  3975 | D:4      | Bought a scroll of noise for 14 gold pieces
  3975 | D:4      | Bought a scroll of random uselessness for 14 gold pieces
  3975 | D:4      | Bought a scroll of identify for 28 gold pieces
  4004 | D:4      | Reached *** piety under Yredelemnul
  4287 | D:4      | Noticed Natasha
  4292 | D:4      | Killed Natasha
  4642 | Temple   | Entered the Ecumenical Temple
  4808 | D:5      | Noticed Prince Ribbit
  4834 | D:4      | Your ally Natasha died
  4834 | D:4      | Killed Prince Ribbit
  4835 | D:4      | Reached skill level 7 in Maces & Flails
  4835 | D:4      | Gained mutation: You curl defensively after being hit.
                  | [Palentonga growth]
  4835 | D:4      | Reached XP level 7. HP: 25/60 MP: 9/9
  5156 | D:5      | Reached skill level 8 in Maces & Flails
  5209 | D:5      | Found Ugape's Magic Scroll Shop.
  5219 | D:5      | Bought a scroll of remove curse for 33 gold pieces
  5280 | D:5      | Found a bloodstained altar of Trog.
  5282 | D:5      | Found an iron altar of Okawaru.
  5286 | D:5      | Found a shadowy altar of Dithmenos.
  5865 | D:5      | Reached skill level 9 in Maces & Flails
  5865 | D:5      | Reached XP level 8. HP: 50/67 MP: 10/10
  6279 | D:6      | Reached **** piety under Yredelemnul
  6280 | D:6      | Reached skill level 10 in Maces & Flails
  6967 | D:6      | Found a snail-covered altar of Cheibriados.
  7147 | D:6      | Reached skill level 11 in Maces & Flails
  7197 | D:6      | Reached XP level 9. HP: 65/73 MP: 8/11
  7359 | D:6      | Found a runed translucent door.
  7360 | D:6      | Noticed Bitman's ghost (amateur DsAK)
  7368 | D:6      | Reached skill level 1 in Shields
  7387 | D:6      | Killed Bitman's ghost
  7388 | D:6      | Reached skill level 1 in Armour
  7575 | D:6      | Received a gift from Yredelemnul (a mummy)
  8123 | D:3      | Reached skill level 5 in Invocations
  8152 | D:3      | Received a gift from Yredelemnul (a mummy)
  8741 | D:6      | Received a gift from Yredelemnul (a wight)
  9191 | D:7      | Reached ***** piety under Yredelemnul
 10070 | D:8      | Found an ancient bone altar of Kikubaaqudgha.
 10151 | D:8      | Reached XP level 10. HP: 85/85 MP: 15/15
 10416 | D:8      | Found a staircase to the Lair.
 10484 | D:8      | Reached skill level 5 in Fighting
 10680 | D:8      | Noticed a two-headed ogre
 10692 | D:8      | Killed a two-headed ogre
 11242 | D:9      | Found a white marble altar of Elyvilon.
 11515 | D:9      | HP: 2/86 [ice beast (5)]
 11524 | D:9      | Received a gift from Yredelemnul (a wraith)
 11642 | D:9      | Received a gift from Yredelemnul (5 flying skulls)
 11649 | D:9      | Found a roughly hewn altar of Beogh.
 11649 | D:9      | Found a staircase to the Orcish Mines.
 12322 | D:9      | Received a gift from Yredelemnul (a vampire)
 12703 | D:10     | Entered Level 10 of the Dungeon
 12783 | D:10     | Noticed Urug
 12783 | D:10     | Noticed a centaur warrior
 12803 | D:10     | Killed a centaur warrior
 12803 | D:10     | Received a gift from Yredelemnul (a wraith)
 12826 | D:10     | Killed Urug
 12827 | D:10     | Reached XP level 11. HP: 46/97 MP: 2/17
 13105 | D:10     | Found a blossoming altar of Fedhas.
 13114 | D:10     | Noticed Erolcha
 13471 | D:10     | Killed Erolcha
 13489 | D:10     | Noticed an oklob plant
 13641 | D:10     | Received a gift from Yredelemnul (a phantasmal warrior)
 14083 | D:11     | Found a runed translucent door.
 14083 | D:11     | Noticed Meejax's ghost (journeyman FoFi)
 14137 | D:11     | Noticed Grum
 14159 | D:11     | Killed Grum
 14159 | D:11     | Enslaved Grum
 14166 | D:11     | Received a gift from Yredelemnul (a wraith)
 14382 | D:11     | Noticed a boulder beetle
 14388 | D:11     | Reached skill level 10 in Invocations
 14399 | D:11     | Reached skill level 5 in Shields
 14406 | D:11     | Killed a boulder beetle
 14407 | D:11     | Reached skill level 5 in Armour
 14926 | D:11     | Noticed Psyche
 14949 | D:11     | Killed Psyche
 15322 | D:11     | Received a gift from Yredelemnul (a vampire)
 15456 | D:11     | Noticed Gastronok
 15492 | D:11     | Killed Gastronok
 16001 | D:12     | Found a stormy altar of Qazlal.
 16188 | D:12     | Noticed a white ugly thing
 16190 | D:12     | Noticed a purple ugly thing
 16200 | D:12     | Killed a purple ugly thing
 16211 | D:12     | Killed a purple ugly thing
 16706 | D:12     | Noticed a rakshasa
 16721 | D:12     | Killed a rakshasa
 16850 | D:12     | Found a runed translucent gate.
 16850 | D:12     | Found a runed translucent gate.
 16851 | D:12     | Found a runed translucent gate.
 16852 | D:12     | Found an opulent altar of Gozag.
 16852 | D:12     | Found Zouxupn's Assorted Antiques.
 16852 | D:12     | Noticed a flayed ghost
 16853 | D:12     | Noticed an obsidian statue
 16854 | D:12     | Noticed an ogre mage
 16854 | D:12     | Noticed a sphinx
 16854 | D:12     | Noticed DocClef's ghost (novice GnDe)
 17049 | Orc:1    | Entered Level 1 of the Orcish Mines
 17096 | Orc:1    | Received a gift from Yredelemnul (a phantasmal warrior)
 17097 | Orc:1    | Reached XP level 12. HP: 107/108 MP: 18/20
 17450 | Orc:1    | You fall into a shaft and drop 1 floor!
 17450 | Orc:2    | Entered Level 2 of the Orcish Mines
 17453 | Orc:2    | Noticed an orc warlord
 17738 | Orc:2    | Received a gift from Yredelemnul (a phantasmal warrior)
 17748 | Orc:1    | Killed an orc warlord
 17749 | Orc:1    | Reached skill level 12 in Maces & Flails
 17991 | Orc:2    | Found a radiant altar of Vehumet.
 18036 | Orc:2    | Noticed a two-headed ogre
 18037 | Orc:2    | Noticed a two-headed ogre
 18039 | Orc:2    | Noticed a two-headed ogre
 18042 | Orc:2    | Noticed a two-headed ogre
 18043 | Orc:2    | Noticed a two-headed ogre
 18046 | Orc:2    | Killed a two-headed ogre
 18047 | Orc:2    | Noticed a two-headed ogre
 18048 | Orc:2    | Noticed a two-headed ogre
 18052 | Orc:2    | Noticed an ogre mage
 18053 | Orc:2    | Killed a two-headed ogre
 18054 | Orc:2    | Reached skill level 13 in Maces & Flails
 18054 | Orc:2    | Noticed a two-headed ogre
 18054 | Orc:2    | Noticed a two-headed ogre
 18054 | Orc:2    | Noticed a two-headed ogre
 18055 | Orc:2    | Noticed an ogre mage
 18055 | Orc:2    | HP: 5/108 [two-headed ogre/+0 giant club (10)]
 18056 | Orc:2    | Noticed a two-headed ogre
 18058 | Orc:2    | Killed a two-headed ogre
 18060 | Orc:2    | Noticed a two-headed ogre
 18060 | Orc:2    | Killed a two-headed ogre
 18060 | Orc:2    | Received a gift from Yredelemnul (a flayed ghost)
 18063 | Orc:2    | Killed a two-headed ogre
 18066 | Orc:2    | Killed a two-headed ogre
 18066 | Orc:2    | Noticed an ogre mage
 18069 | Orc:2    | Killed a two-headed ogre
 18071 | Orc:2    | Reached skill level 14 in Maces & Flails
 18073 | Orc:2    | Noticed a two-headed ogre
 18074 | Orc:2    | Killed a two-headed ogre
 18080 | Orc:2    | HP: 4/108 [ogre/cursed -2 giant club (17)]
 18080 | Orc:2    | Noticed an ogre mage
 18089 | Orc:2    | Killed from afar by an ogre mage

Illustrated notes

Levels and vault maps discovered:
D:1:      erik_arrival_orb_chamber, layout_loops_ring
D:2:      layout_basic
D:3:      lemuel_castle_with_subvaults [lemuel_castle_interior_carwin_2],
          layout_basic, yredelemnul_forgotten_temple_becter
D:4:      layout_loops_ring, minmay_temple_entry_waves, serial_shops, shop,
          uniq_natasha
D:5:      layout_cave_pools, gammafunk_temple_overflow_forgotten, serial_shops,
          nicolae_shop_waterfront, uniq_prince_ribbit1
D:6:      layout_cave_pools, cheibriados_altar_1, serial_gnoll_camp,
          gnoll_camp_mini_hut, gnoll_camp_mini_sergeant, gnoll_camp_huts_basic,
          gnoll_camp_mini_basic, gnoll_camp_medium_01,
          gnoll_camp_mini_loothouse, ebering_ghost_sewer_d
D:7:      layout_basic
D:8:      layout_loops_cross, lemuel_zombie_altar_kikubaaqudgha,
          lair_entry_dummy, serial_bayou_crossing
D:9:      layout_loops_cross, elyvilon_altar_3, david_orc_5
D:10:     layout_basic, eino_small_chamber_without_monster, tgw_fedhas,
          uniq_erolcha, uniq_urug
D:11:     layout_basic, gammafunk_ghost_grave, serial_co_window_serial,
          co_window_paths_a, co_window_paths_a, co_window_paths_a,
          co_window_paths_b, co_window_paths_b, co_window_corner_cb,
          co_window_2corner, co_window_broadway_a, glass_columns_b,
          kennysheep_decorative_pillar, uniq_psyche, uniq_grum, uniq_gastronok
D:12:     layout_roguey, ebering_ghost_gozag, nicolae_qazlal_style_of_elements
Temple:   eino_wide_crystal_templ
Orc:1:    layout_diamond_mine
Orc:2:    st_orc_ogre_mass, layout_caves, basic_altar

Skill      XL: |  1  2  3  4  5  6  7  8  9 10 11 12 |
---------------+-------------------------------------+-----
Maces & Flails | 3 4 5 7 9 11 14 | 14.2
Invocations    | 3 6 9 11 | 11.1
Shields        | 3 4 5 |  5.7
Armour         | 2 4 5 |  5.6
Fighting       | 4 6 7 |  7.6
Dodging        | |  1.5
Stealth        | |  3.3

Action                   |  1- 3 |  4- 6 |  7- 9 | 10-12 || total
-------------------------+-------+-------+-------+-------++-------
Melee: Mace              |    46 |   198 |       |       ||   244
       Tailslap          |     8 |    34 |    72 |    75 ||   189
       Flail             |       |    87 |    52 |       ||   139
       Morningstar       |       |       |   370 |   479 ||   849
Throw: Stone             |       |     5 |     4 |     5 ||    14
Invok: Animate Remains   |       |    13 |       |       ||    13
       Recall Undead Sla |       |     2 |       |       ||     2
       Animate Dead      |       |     1 |    40 |    38 ||    79
       Drain Life        |       |       |       |    11 ||    11
       Enslave Soul      |       |       |       |     2 ||     2
 Abil: Rolling Charge    |    19 |    42 |    15 |     1 ||    77
Evoke: Wand              |       |       |       |     9 ||     9
  Use: Potion            |     1 |     1 |     1 |     6 ||     9
       Scroll            |     1 |     8 |     1 |     3 ||    13
 Stab: Sleeping          |       |     1 |       |       ||     1
       Distracted        |       |     1 |     4 |     2 ||     7
       Invisible         |       |       |       |     6 ||     6
Armor: Leather armour    |    14 |    17 |       |       ||    31
       Ring mail         |       |   102 |     7 |       ||   109
       Scale mail        |       |       |   168 |       ||   168
       Plate armour      |       |       |    36 |       ||    36
       Chain mail        |       |       |     4 |   269 ||   273
Dodge: Dodged            |    19 |   153 |   102 |   106 ||   380
Block: Kite shield       |       |       |   152 |   264 ||   416

Table legend: (Time is in decaauts)
 A = Elapsed time spent in this place.
 B = Non-inter-level travel time spent in this place.
 C = Inter-level travel time spent in this place.
 D = Time resting spent in this place.
 E = Time spent auto-exploring this place.
 F = Levels seen in this place.
 G = Mean time per level.
                   A        B        C        D        E       F      G
               +--------+--------+--------+--------+--------+-----+--------+
         Total |  18197 |  17469 |    728 |   3712 |  10836 |  15 | 1213.1 |
       Dungeon |  17116 |  16441 |    675 |   3479 |  10233 |  12 | 1426.3 |
        Temple |     37 |     37 |      0 |     32 |      0 |   1 |   37.0 |
  Orcish Mines |   1042 |    989 |     53 |    201 |    603 |   2 |  521.0 |
               +--------+--------+--------+--------+--------+-----+--------+

Top non-repeatable levels by time:
     D:3: 2167 daAuts
     D:6: 2101 daAuts
    D:11: 1978 daAuts
     D:4: 1549 daAuts
     D:9: 1495 daAuts
     D:2: 1332 daAuts
    D:10: 1302 daAuts
     D:8: 1211 daAuts
     D:7: 1116 daAuts
     D:5: 1097 daAuts
    D:12: 1048 daAuts
   Orc:1: 746 daAuts
     D:1: 716 daAuts
   Orc:2: 296 daAuts
  Temple: 37 daAuts
